 Dungeon Crawl Stone Soup version 0.20.1-1-g8b1a95d (webtiles) character file.

133 JustSomeDude the Sneak (level 4, 0/33 HPs)
             Began as a Vampire Assassin on Oct 22, 2017.
             Slain by a worker ant (3 damage)
             ... on level 4 of the Dungeon.
             The game lasted 00:07:26 (2619 turns).

JustSomeDude the Sneak (Vampire Assassin)           Turns: 2619, Time: 00:07:27

Health: 0/33       AC:  3    Str: 10    XL:     4   Next: 94%
Magic:  4/4        EV: 12    Int: 13    God:
Gold:   89         SH:  0    Dex: 16    Spells: 3/3 levels left

rFire    . . .     SeeInvis +   i - +0 short sword
rCold    + + .     Gourm    .   (no shield)
rNeg     + + +     Faith    .   c - +0 robe
rPois    ∞         Spirit   .   (no helmet)
rElec    .         Reflect  .   d - +0 cloak
rCorr    .         Harm     .   (no gloves)
MR       .....                  (no boots)
Stlth    ++++++....             (no amulet)
Regen    0.0/turn               (no ring)
MPRegen  0.1/turn               (no ring)

@: bloodless, non-regenerating
A: fangs 3, see invisible, unbreathing
a: Bat Form


You were on level 4 of the Dungeon.
You were bloodless.

You visited 1 branch of the dungeon, and saw 4 of its levels.

You collected 89 gold pieces.

Inventory:

Hand Weapons
 b - a +0 blowgun
 i - a +0 short sword (weapon)
Missiles
 e - 8 poisoned needles
 f - 2 curare-tipped needles
Armour
 c - a +0 robe (worn)
 d - a +0 cloak (worn)
 p - a cursed +0 leather armour
Scrolls
 a - 2 scrolls of fear {unknown}
 k - a scroll of recharging {unknown}
 n - a scroll of amnesia {unknown}
 o - 2 scrolls of identify {unknown}
 q - a scroll of enchant weapon {unknown}
 s - a scroll of blinking {unknown}
 u - 2 scrolls of teleportation {unknown}
 w - a scroll of noise {unknown}
Potions
 g - 25 potions of blood
 h - 2 potions of curing {unknown}
 j - a potion of brilliance {unknown}
 l - a potion of cancellation
 m - a potion of invisibility {unknown}
 r - a potion of agility
 t - a potion of heal wounds
 v - a potion of ambrosia {unknown}
 x - a potion of mutation {unknown}


   Skills:
 + Level 2.2 Fighting
 + Level 3.9 Short Blades
 + Level 1.6 Throwing
 + Level 1.7 Dodging
 + Level 7.6 Stealth


You had 3 spell levels left.
You didn't know any spells.

Dungeon Overview and Level Annotations

Branches:
Dungeon (4/15)
 Temple: D:4-7

Altars:

Annotations:
D:3 Grinder


Innate Abilities, Weirdness & Mutations

You do not heal naturally.
You are immune to poison.
You have razor-sharp teeth.
You have supernaturally acute eyesight. (SInv)
You can survive without breathing.


Message History

The worker ant is severely wounded.
The worker ant barely misses you.
You hit the worker ant. You bite the worker ant.
The worker ant is almost dead.
The worker ant bites you.
You completely miss the worker ant.
The worker ant is almost dead.
The worker ant bites you.
* * * LOW HITPOINT WARNING * * *
You barely miss the worker ant.
The worker ant is almost dead.
The worker ant misses you.
You barely miss the worker ant.
The worker ant is almost dead.
The worker ant bites you.
* * * LOW HITPOINT WARNING * * *
You barely miss the worker ant.
The worker ant is almost dead.
The worker ant bites you.
You die...

... .##..#######
...............# .
#... #........#
..##...##........#
..........)....#
.........(.....#
##..##.###.##.# ...
#.a##.###.##.##....#
#.†@..#.......#....#
#.....#.......#....#
#.....+.......#....#
############'##....#
######.#....##
........'....#.
........#....'.
........#....#.
#..######.[..#'


You could see a worker ant.

Vanquished Creatures
  3 gnolls (D:3)
  2 adders (D:2)
  An ooze (D:1)
  An adder skeleton (D:4)
  4 worms
  4 dart slugs
  3 leopard geckos
  A ball python (D:1)
  7 bats
  6 giant cockroaches
  4 goblins
  4 hobgoblins
  2 jackals (D:1)
  8 kobolds
  7 frilled lizards
  A leopard gecko skeleton (D:4)
  3 rats
61 creatures vanquished.

Notes
Turn   | Place    | Note
-------+----------+-------------------------------------------
     0 | D:1      | JustSomeDude the Vampire Assassin began the quest for the Orb.
     0 | D:1      | Reached XP level 1. HP: 16/16 MP: 1/1
    51 | D:1      | Reached skill level 6 in Stealth
    96 | D:1      | Reached XP level 2. HP: 14/22 MP: 2/2
   673 | D:1      | Reached XP level 3. HP: 27/27 MP: 3/3
   785 | D:1      | Reached skill level 7 in Stealth
  1962 | D:2      | Reached XP level 4. HP: 33/33 MP: 4/4
  2246 | D:3      | Noticed Grinder
  2389 | D:3      | HP: 1/33 [gnoll/flail (10)]
  2619 | D:4      | Slain by a worker ant

Skill      XL: |  1  2  3 |
---------------+----------+-----
Stealth        | 6 7 |  7.6
Short Blades   | 3 |  3.9
Fighting       | 2 |  2.2
Throwing       | |  1.6
Dodging        | |  1.7

Action                   |  1- 3 |  4- 6 || total
-------------------------+-------+-------++-------
Melee: Dagger            |    17 |       ||    17
       Short sword       |   118 |    84 ||   202
       Bite              |    15 |     9 ||    24
  Use: Potion            |       |     6 ||     6
 Stab: Sleeping          |    15 |     8 ||    23
  Eat: Corpse            |     1 |       ||     1
Armor: Robe              |    23 |     6 ||    29
Dodge: Dodged            |    80 |    53 ||   133
